cohdb
Replays
Latest Replays
All Replays
Popular Replays
Top Player Replays
Match Explorer
How It Works
Community
CoH3 Stats
Reddit
Sign in to upload your games and track your stats! →
Sign in with Steam
Match 42764170
Unlisted
Match 42764170
Overview
Messages
Build Orders
End
Pioneer Squad
Construct Infanterie Kompanie
MG 42 Machine Gun Team
GrW 34 Mortar Team
Grenadier Squad
Selects Terror Battlegroup
Grenadier Squad
Grenadier Squad
Infanterie Officer Quarters
Construct Luftwaffe Kompanie
Medical Station
Selects Heavy Gunnery
Construct Panzergrenadier Kompanie
Support Elements
Nebelwerfer 42 Rocket Launcher Team
Selects Defend the Fatherland
Jack丶阿彬
屑不肉
士兵的勋章
歪咔曲啃(绝地逃兵)
kerem
伞兵一号☆MINAMI☆准备
ShadowStorm
无奈
0
0
Comments
sign in to comment!
No comments posted yet!